 Dungeon Crawl Stone Soup version bcrawl-1.27.1d (webtiles) character file.

Game seed: 8786522273698916114

273230 Baz the Quickloader (level 9, -11/75 HPs)
             Began as a Demigod Hunter on July 24, 2020.
             Mangled by a fire elemental (14 damage)
             ... summoned by a deep elf mage
             ... on level 7 of the Dungeon.
             The game lasted 00:19:14 (7081 turns).

Baz the Quickloader (Demigod Hunter)                Turns: 7081, Time: 00:19:15

Health: -11/75     AC: 11    Str: 20    XL:     9   Next: 56%
Magic:  18/18      EV: 11    Int: 15    God:    Demigod [**....]
Gold:   583        SH:  0    Dex: 19    Spells: 8/8 levels left

rFire    . . .     SeeInvis .   b - +2 short sword (elec)
rCold    + . .     Gourm    .   (no shield)
rNeg     . . .     Faith    .   B - +2 ring mail {rC+}
rPois    .         Spirit   .   (no helmet)
rElec    .         Reflect  .   i - +0 cloak
rCorr    .         Harm     .   (no gloves)
MR       .....                  (no boots)
Stlth    +.........             (no amulet)
HPRegen  0.22/turn              t - +3 ring of protection
MPRegen  0.16/turn              (no ring)

@: liquid flames, glowing, heavily drained
A: high mp 1
a: Temporal Distortion, Growth


You were on level 7 of the Dungeon.
You worshipped Demigod.
Demigod was pleased with you.
You were not hungry.

You visited 2 branches of the dungeon, and saw 8 of its levels.

You collected 583 gold pieces.

Inventory:

Hand Weapons
 a - a +1 hand crossbow
 b - a +2 short sword of electrocution (weapon)
Missiles
 d - 665 bolts
Armour
 i - a +0 cloak (worn)
 p - a +0 chain mail
 w - a scarf of stasis
 B - a +2 ring mail of cold resistance (worn)
Jewellery
 c - an uncursed ring of stealth {unknown}
 t - a +3 ring of protection (left hand)
 x - an uncursed ring of positive energy {unknown}
 z - an uncursed ring of fire {unknown}
 E - an uncursed ring of see invisible {unknown}
 G - an uncursed amulet of guardian spirit {unknown}
 H - an uncursed ring of wizardry {unknown}
Wands
 F - a wand of acid (6)
 I - a wand of disintegration (7)
 J - a wand of clouds (4)
Scrolls
 f - 9 scrolls of identify
 g - 4 scrolls of enchant weapon {unknown}
 h - 3 scrolls of magic mapping {unknown}
 m - a scroll of blinking {unknown}
 u - 5 scrolls of remove curse {unknown}
 v - 2 scrolls of fog {unknown}
 y - 3 scrolls of teleportation {unknown}
 A - a scroll of fear {unknown}
Potions
 j - 2 potions of magic {unknown}
 k - a potion of ambrosia {unknown}
 l - a potion of berserk rage {unknown}
 n - 4 potions of curing
 o - 3 potions of haste {unknown}
 r - a potion of brilliance {unknown}
 s - a potion of agility {unknown}
 C - a potion of might {unknown}
 D - a potion of mutation {unknown}
Comestibles
 e - 5 rations {!d}


   Skills:
 + Level 5.7(4.0) Fighting
 * Level 8.7(6.8) Crossbows
 + Level 4.9(3.2) Armour
 - Level 2.5(1.0) Dodging
 - Level 1.0(0.0) Stealth
 + Level 7.6(5.8) Invocations


You had 8 spell levels left.
You didn't know any spells.
Your spell library contained the following spells:

 Spells                   Type           Power        Failure   Level  Hunger
 Animate Skeleton         Necr           N/A          41%         1    None
 Pain                     Necr           #.....       41%         1    None
 Ozocubu's Armour         Chrm/Ice       #.......     80%         3    #####..
 Regeneration             Chrm/Necr      #.........   80%         3    #####..
 Spectral Weapon          Hex/Chrm       #.......     80%         3    #####..
 Vampiric Draining        Necr           #.........   80%         3    #####..
 Animate Dead             Necr           N/A          99%         4    ######.
 Bolt of Draining         Conj/Necr      #.........   100%        5    #######
 Steam Barrier            Chrm/Fire      #.........   100%        6    #######


Dungeon Overview and Level Annotations

Branches:
Dungeon (7/12)             Temple (0/1) D:6            Lair (1/6) D:7

Shops:
D:6 (


Innate Abilities, Weirdness & Mutations

You have an increased reservoir of magic. (+10% MP)


Message History

* * * LOW HITPOINT WARNING * * *
The deep elf mage casts a spell at you.
The sticky flame hits you but does no damage.
You are covered in liquid flames!
No path to travel!
You feel much better.
You are covered in liquid flames!
* * * LOW HITPOINT WARNING * * *
The fire elemental misses you. The fire elemental hits you.
The fire elemental burns you!
* * * LOW HITPOINT WARNING * * *
The worker ant zombie bites you but does no damage.
The deep elf mage gestures wildly while chanting.
The deep elf mage blinks!
You feel better.
You are covered in liquid flames!
* * * LOW HITPOINT WARNING * * *
The fire elemental hits you. The fire elemental burns you!
You die...
Your divinity fades.

## . #. #..
#.##### #.#..
#E$#### ##@...#
#ZE##.....
#e#.# #.# #
#Z##.#####....
#. #.......#
#.##.##>#######
#.......#
####.#### #.


You could see a deep elf mage, 2 fire elementals, a worker ant zombie and a
water moccasin skeleton.

Vanquished Creatures
  A troll (D:7)
  A hungry ghost (D:7)
  3 steam dragons
  2 ice beasts (D:6)
  3 sky beasts
  2 ogres
  3 centaurs
  A big kobold (D:6)
  A bullfrog (D:6)
  2 scorpions
  6 killer bees
  3 wights (D:7)
  2 howler monkeys (D:6)
  2 crimson imps
  3 hounds
  5 orc wizards
  3 orc priests
  A gnoll shaman (D:4)
  An iguana (D:6)
  5 worker ants
  A hound zombie (D:5)
  6 adders
  4 gnolls (D:2)
  2 oozes
  An adder zombie (D:4)
  6 worms
  3 dart slugs
  3 leopard geckos
  8 orcs
  7 giant cockroaches
  7 goblins
  8 hobgoblins
  7 jackals (D:2)
  2 quokkas (D:2)
  12 bats
  3 frilled lizards
  9 kobolds
  3 rats
142 creatures vanquished.

Notes
Turn   | Place    | Note
-------+----------+-------------------------------------------
     0 | D:1      | Baz the Demigod Hunter began the quest for the Orb.
     0 | D:1      | Reached XP level 1. HP: 17/17 MP: 3/3
   144 | D:1      | Reached XP level 2. HP: 21/24 MP: 4/4
   385 | D:1      | Reached skill level 1 in Invocations
   648 | D:1      | Reached skill level 4 in Crossbows
   986 | D:2      | Reached XP level 3. HP: 29/29 MP: 6/6
  1649 | D:2      | Reached * piety under Demigod
  1910 | D:2      | Reached XP level 4. HP: 28/37 MP: 8/8
  2436 | D:3      | Reached XP level 5. HP: 42/42 MP: 9/9
  2643 | D:3      | Noticed a sky beast
  2665 | D:3      | Killed a sky beast
  2665 | D:3      | Reached skill level 5 in Crossbows
  2665 | D:3      | Reached skill level 1 in Armour
  2665 | D:3      | Reached XP level 6. HP: 25/51 MP: 9/11
  2976 | D:3      | Reached ** piety under Demigod
  3542 | D:4      | Reached XP level 7. HP: 57/57 MP: 13/13
  4332 | D:5      | Entered Level 5 of the Dungeon
  4550 | D:5      | Reached skill level 6 in Crossbows
  4714 | D:5      | Noticed a steam dragon
  4715 | D:5      | Noticed a steam dragon
  4727 | D:5      | Killed a steam dragon
  4727 | D:5      | Reached skill level 5 in Invocations
  4735 | D:5      | Killed a steam dragon
  4735 | D:5      | Reached XP level 8. HP: 19/66 MP: 13/15
  5171 | D:6      | Reached skill level 7 in Crossbows
  5318 | D:6      | Found Wodiul's Antique Weapon Emporium.
  5418 | D:6      | Found a staircase to the Ecumenical Temple.
  5574 | D:6      | Reached skill level 5 in Fighting
  5768 | D:6      | Found a burning altar of Makhleb.
  5768 | D:6      | Noticed an Executioner
  6107 | D:6      | Reached XP level 9. HP: 74/74 MP: 17/17
  6180 | D:6      | Reached skill level 8 in Crossbows
  6287 | D:7      | Noticed a troll
  6292 | D:7      | Killed a troll
  6418 | D:7      | Found a staircase to the Lair.
  6419 | D:7      | Identified the Collected Works on Talismans
  6434 | Lair:1   | Entered Level 1 of the Lair of Beasts
  7072 | D:7      | Noticed a deep elf mage
  7079 | D:7      | HP: 3/75 [fire elemental[a deep elf mage] (7)]
  7080 | D:7      | HP: 1/75 [fire elemental[a deep elf mage] (12)]
  7081 | D:7      | Mangled by a fire elemental

Skill      XL: |  1  2  3  4  5  6  7  8  9 |
---------------+----------------------------+-----
Fighting       | 2 3 4 5 |  5.7
Dodging        | 2 |  2.5
Invocations    | 1 2 3 4 5 6 7 |  7.6
Crossbows      | 4 5 6 7 8 |  8.7
Armour         | 1 3 4 |  4.9
Stealth        | |  1.0

Action                   |  1- 3 |  4- 6 |  7- 9 || total
-------------------------+-------+-------+-------++-------
Melee: Short sword       |   163 |    90 |   262 ||   515
 Fire: Hand crossbow     |    17 |    43 |    79 ||   139
  Use: Potion            |       |       |     5 ||     5
 Stab: Sleeping          |     4 |     2 |       ||     6
  Eat: Chunk             |     8 |     9 |    16 ||    33
       Ration            |       |       |     3 ||     3
Armor: Leather armour    |    49 |    24 |     4 ||    77
       Ring mail         |       |       |   166 ||   166
Dodge: Dodged            |   116 |    70 |   260 ||   446
